 Dungeon Crawl Stone Soup version bcrawl-1.21.3 (webtiles) character file.

Game seed: 4229656206147813929

32352 MisterOstroum the Cleaver (level 13, -28/139 HPs)
             Began as a Gnoll Chaos Knight on Apr 4, 2020.
             Annihilated by Kirke the stone giant (55 damage)
             ... on level 5 of the Lair of Beasts.
             The game lasted 00:51:45 (18727 turns).

MisterOstroum the Cleaver (Gnoll Chaos Knight)     Turns: 18727, Time: 00:51:47

Health: -28/139    AC: 17    Str: 22    XL:     13   Next: 64%
Magic:  20/25      EV: 16    Int: 20    God:
Gold:   1023       SH:  4    Dex: 16    Spells: 11/28 levels left

rFire    + . .     SeeInvis +   l - +1 lajatang (flame)
rCold    + . .     Gourm    .   (shield currently unavailable)
rNeg     . . .     Faith    .   Y - +3 ring mail of Ugykhler {MR+}
rPois    +         Spirit   .   K - +0 helmet
rElec    .         Reflect  +   f - +0 cloak
rCorr    .         Harm     .   w - +1 pair of gloves of the Lotus Blossom {+Blink rC+}
MR       +....                  i - +1 pair of boots {Fly}
Stlth    ..........             r - +4 amulet of reflection
HPRegen  0.33/turn              B - ring of see invisible
MPRegen  0.19/turn              R - ring "Kejyc" {Fire Int+4 Slay+2}

@: berserking, marked, flying, drained, very quick
A: distributed training, fangs 1, cold resistance 1, frail 1, poison resistance,
MP-powered wands, strong nose
a: Evoke Blink, Stop Flying


You were on level 5 of the Lair of Beasts.
You were hungry.

You visited 2 branches of the dungeon, and saw 14 of its levels.
You also visited: Bailey and Volcano.

You collected 1023 gold pieces.

Inventory:

Hand Weapons
 a - a +1 hand axe of chaos
 b - a +0 hunting sling
 l - a +1 lajatang of flaming (weapon)
Missiles
 d - 3144 stones (quivered)
 p - 790 sling bullets
 M - 42 poisoned tomahawks
Armour
 f - a +0 cloak (worn)
 i - a +1 pair of boots of flying (worn)
 n - a +0 buckler
 w - the +1 pair of gloves of the Lotus Blossom (worn) {+Blink rC+}
   (You found it on level 1 of the Lair of Beasts)

   It protects you from cold.
   It lets you blink.
 K - a +0 helmet (worn)
 Y - the +3 ring mail of Ugykhler (worn) {MR+}
   (You took it off an orc in a bailey)

   It affects your resistance to hostile enchantments.
Jewellery
 q - an uncursed ring of positive energy
 r - a +4 amulet of reflection (around neck)
 z - an uncursed ring of ice
 B - a ring of see invisible (left hand)
 Q - an uncursed ring of wizardry
 R - the ring "Kejyc" (right hand) {Fire Int+4 Slay+2}
   (You found it on level 5 of the Dungeon)

   [ring of fire]

   It enhances your fire magic.
   It affects your intelligence (+4).
   It affects your accuracy and damage with ranged weapons and melee attacks
   (+2).
   It protects you from fire.
   It makes you vulnerable to cold.
Wands
 j - a wand of polymorph (10)
 y - a wand of acid (7)
 J - a wand of digging (5)
 S - a wand of iceblast (13)
 U - a wand of paralysis (3)
Scrolls
 c - 3 scrolls of magic mapping {@r5 !r}
 h - 6 scrolls of teleportation {@r3 !r}
 m - 2 scrolls of enchant armour {unknown}
 t - 5 scrolls of immolation
 u - 5 scrolls of enchant weapon
 E - a scroll of remove curse {@r2}
 I - a scroll of blinking {@r4}
 X - a scroll of summoning
Potions
 g - a potion of berserk rage
 k - 4 potions of resistance
 o - 3 potions of might {@q3 !q}
 s - 3 potions of heal wounds
 v - 7 potions of curing {@q1 !q}
 x - 3 potions of mutation
 A - a potion of haste {unknown}
 C - 3 potions of flight
 D - a potion of invisibility {unknown}
 F - a potion of agility {@q5 !q}
 H - 3 potions of lignification {@q6}
 L - 3 potions of magic
 O - 9 potions of brilliance
 V - a potion of ambrosia {unknown}
Miscellaneous
 N - a box of beasts
 T - a phial of floods
Comestibles
 e - 27 rations {!d}
 G - 10 chunks of flesh


   Skills:
 + Level 10.5(9.7) Fighting
 + Level 8.3(7.6) Short Blades
 + Level 8.3(7.6) Long Blades
 + Level 10.5(9.7) Axes
 + Level 8.3(7.6) Maces & Flails
 + Level 8.3(7.6) Polearms
 + Level 8.3(7.6) Staves
 + Level 8.3(7.6) Slings
 + Level 8.3(7.6) Bows
 + Level 8.3(7.6) Crossbows
 + Level 8.3(7.6) Throwing
 + Level 9.5(8.7) Armour
 + Level 8.8(8.0) Dodging
 + Level 8.3(7.6) Stealth
 + Level 8.3(7.6) Shields
 + Level 8.3(7.6) Unarmed Combat
 + Level 8.3(7.6) Spellcasting
 + Level 6.9(6.2) Conjurations
 + Level 6.9(6.2) Hexes
 + Level 6.9(6.2) Charms
 + Level 6.9(6.2) Summonings
 + Level 6.9(6.2) Necromancy
 + Level 6.9(6.2) Translocations
 + Level 6.9(6.2) Transmutations
 + Level 6.9(6.2) Fire Magic
 + Level 6.9(6.2) Ice Magic
 + Level 6.9(6.2) Air Magic
 + Level 6.9(6.2) Earth Magic
 + Level 6.9(6.2) Poison Magic
   Level 9.1(8.3) Invocations
 + Level 8.3(7.6) Evocations


You had 11 spell levels left.
You knew the following spells:

 Your Spells              Type           Power        Failure   Level  Hunger
a - Sandblast             Erth           ####..       1%          1    None
b - Infusion              Chrm           ####....     1%          1    None
c - Spectral Weapon       Hex/Chrm       ####....     3%          3    None
e - Summon Butterflies    Summ           ####....     1%          1    None
f - Slow                  Hex            ####....     1%          1    None
B - Apportation           Tloc           ####..       1%          1    None
H - Regeneration          Chrm/Necr      ####......   3%          3    None
P - Statue Form           Tmut/Erth      ####.....    83%         6    ######.

Your spell library contained the following spells:

 Spells                   Type           Power        Failure   Level  Hunger
 Animate Skeleton         Necr           N/A          1%          1    None
 Pain                     Necr           ####..       1%          1    None
 Song of Slaying          Chrm           ####....     1%          2    None
 Ozocubu's Armour         Chrm/Ice       ####....     3%          3    None
 Vampiric Draining        Necr           ####......   3%          3    None
 Animate Dead             Necr           N/A          10%         4    ###....
 Ice Form                 Ice/Tmut       ####....     10%         4    ###....
 Bolt of Draining         Conj/Necr      ####......   28%         5    #####..
 Bolt of Magma            Conj/Fire/Erth #####.....   28%         5    #####..
 Metabolic Englaciation   Hex/Ice        ####......   28%         5    #####..
 Bolt of Cold             Conj/Ice       ####......   83%         6    ######.
 Freezing Cloud           Ice/Air        ####......   83%         6    ######.
 Iron Shot                Conj/Erth      ####......   83%         6    ######.
 Ozocubu's Refrigeration  Ice            ####......   83%         6    ######.
 Simulacrum               Ice/Necr       ####......   83%         6    ######.
 Shatter                  Erth           ####......   100%        9    #######


Dungeon Overview and Level Annotations

Branches:
Dungeon (9/12)             Temple (0/1) D:5            Lair (5/6) D:9
 Shoals (0/3) Lair:3        Snake (0/3) Lair:2
  Slime: Lair:5-6       Orc: D:8-11

Altars:
Fedhas
Makhleb
Okawaru
Sif Muna
Xom

Shops:
D:5 (([

Annotations:
D:9 lovely
Lair:3 exclusion: 2 oklob plants
Lair:5 Kirke


Innate Abilities, Weirdness & Mutations

Your experience applies equally to all skills.
You have very sharp teeth.
Your uncanny sense of smell can sniff out nearby items.
Your flesh is cold resistant. (rC+)
You are frail. (-10% HP)
Your system is resistant to poisons. (rPois)
You expend magic power (3 MP) to strengthen your wands.


Message History

Xom asks Qazlal to spice things up a little.
The divine experience confuses you!
You are confused.
No path to travel!
Really quaff
v - 8 potions of curing {@q1 !q}?
You feel better.
You are engulfed in seething chaos.
Kirke mumbles some strange words.
Kirke flickers and vanishes for a moment.
The elephant tramples you but does no damage.
The elephant trunk-slaps you but does no damage.
Casting: Spectral Weapon (safe; 3% risk of failure)
Confirm with . or Enter, or press ? or * to list all spells.
You draw out your weapon's spirit!
You are engulfed in seething chaos.
You barely miss Kirke.
Kirke is heavily wounded.
You are engulfed in seething chaos.
The manticore bites you but does no damage.
The manticore barely misses you. The manticore claws you!
The manticore misses you.
The manticore claws you but does no damage.
The manticore misses you.
You closely miss Kirke. You bite Kirke.
Kirke is heavily wounded.
You are engulfed in seething chaos.
Kirke points at you and mumbles some strange words.
You easily resist.
The sphinx hits your spectral weapon!
Your spectral weapon shares its damage with you!
The sphinx closely misses your spectral weapon.
The sphinx hits your spectral weapon.
Your spectral weapon shares its damage with you!
The manticore closely misses you. The manticore misses you.
The manticore claws you but does no damage.
You barely miss Kirke.
Kirke is heavily wounded.
You are engulfed in seething chaos.
You sense a malignant aura.
Kirke hits you but does no damage. The sphinx hits your spectral weapon!
Your spectral weapon fades away.
The manticore bites you but does no damage.
The manticore barely misses you. The manticore misses you.
An elephant comes into view.
You slice Kirke!! You burn Kirke.
Kirke is severely wounded.
You hear an angry squeal.
Kirke is engulfed in seething chaos.
Kirke evaporates and reforms as a stone giant!
Kirke shouts, "You pig!
I'll make you look the way you deserve."
Kirke barely misses you. The sphinx hits you! The sphinx closely misses you.
The sphinx hits you but does no damage.
You hear an angry squeal.
No path to travel!
No path to travel!
Casting: Spectral Weapon (safe; 3% risk of failure)
Confirm with . or Enter, or press ? or * to list all spells.
You draw out your weapon's spirit!
The sphinx mumbles some strange words.
A sentinel's mark forms upon you. The manticore barely misses you.
The manticore claws you but does no damage.
The manticore barely misses you.
No path to travel!
No path to travel!
You slash Kirke! You burn Kirke.
Kirke is severely wounded.
Your spectral weapon hits Kirke!
Your spectral weapon burns Kirke.
The sphinx hits you but does no damage. The sphinx closely misses you.
The sphinx hits you but does no damage.
The manticore bites you but does no damage.
The manticore closely misses you. The manticore claws you.
The sphinx hits you! x2
* * * LOW HITPOINT WARNING * * *
The sphinx barely misses you.
No path to travel!
Okay, then.
Unknown command.
No path to travel!
You feel much better.
You are engulfed in seething chaos.
Your spectral weapon is engulfed in seething chaos.
Your spectral weapon glows shimmering lime green for a moment.
Your spectral weapon is engulfed in seething chaos.
Your spectral weapon scowls horribly.
Kirke is engulfed in seething chaos.
Kirke goes berserk!
Kirke hits you!!
* * * LOW HITPOINT WARNING * * *
The hog barely misses you.
The elephant is engulfed in seething chaos.
The sphinx mumbles some strange words.
You easily resist.
The manticore is engulfed in seething chaos.
The manticore closely misses you.
The manticore claws you but does no damage.
The manticore barely misses you.
Your spectral weapon is engulfed in seething chaos.
A red film seems to cover your vision as you go berserk!
You feel yourself moving faster!
You feel mighty!
You are engulfed in seething chaos.
You are feeling hungry.
Your spectral weapon is engulfed in seething chaos.
Kirke is engulfed in seething chaos.
Kirke completely misses you.
Your spectral weapon is engulfed in seething chaos.
The hog barely misses you.
Kirke is engulfed in seething chaos.
Kirke hits you!!!
You die...
Xom laughs nastily!
P

... #. . #...... #P...P
..#.#....### #.....
..#......## ......#
#.Y....... #+.##.... #.....#
#.PP.##... ### #.....#
..P.......####.####....##
...........P#.#.(##....###
................@CY........
...............hHHh.........
................YY...)......
..........................>
..†....................P...
........................##.
. P...#.#...#.#.##...#....#
..
.....÷.P...#..#...#....##.#
........>.##......##......+


You could see a sphinx, Kirke the stone giant (berserk), 3 elephants, a
manticore, 2 hogs and a friendly spectral +1 lajatang of flaming.

Vanquished Creatures
  Fannar (Lair:2)
  6 hydras
  An alligator (Lair:3)
  A fire crab (Lair:4)
  A lindwurm (Lair:4)
  An orc knight (Bailey)
  A faun (D:8)
  An orb spider (Lair:4)
  2 salamanders (Volcano)
  An ugly thing (D:7)
  A centaur zombie (D:9)
  8 elephants
  A black mamba (Lair:4)
  6 cane toads
  4 komodo dragons
  A troll (D:9)
  A hornet (D:7)
  Grinder (D:3)
  A polar bear (Lair:5)
  5 blink frogs
  A raiju (Lair:4)
  8 hippogriffs
  15 yaks
  A human (D:7)
  A redback (D:6)
  A wyvern (Lair:1)
  A basilisk (Lair:5)
  2 fire bats (Volcano)
  2 steam dragons
  3 hungry ghosts
  A golden eye (D:6)
  4 hogs (D:7)
  An acid dragon (Lair:2)
  9 crocodiles
  9 water moccasins
  2 hell hounds (Volcano)
  9 porcupines
  3 ice beasts
  2 sky beasts (D:6)
  8 orc warriors
  10 centaurs
  A necrophage (D:8)
  2 phantoms
  3 wolves (Lair:1)
  5 ogres
  A centaur (shapeshifter) (D:7)
  12 bullfrogs
  A big kobold (D:8)
  2 scorpions (D:9)
  3 wights (D:8)
  9 killer bees
  7 howler monkeys
  An electric eel (Lair:3)
  7 crimson imps
  A lava snake (D:9)
  3 hounds
  A jelly (D:9)
  2 orc priests
  A centaur skeleton (D:6)
  4 orc wizards
  Ijyb (D:3)
  Crazy Yiuf (D:6)
  2 iguanas
  Natasha (twice) (D:4)
  8 worker ants
  A killer bee zombie (D:8)
  A hound skeleton (D:9)
  A worker ant zombie (D:4)
  7 gnolls
  A howler monkey skeleton (D:8)
  4 adders
  A river rat (D:2)
  2 shadow imps (D:7)
  2 oozes
  An adder skeleton (D:8)
  2 worms
  3 dart slugs
  2 leopard geckos
  20 orcs
  6 giant cockroaches
  11 goblins
  6 hobgoblins
  19 jackals
  19 kobolds
  A quokka (D:3)
  3 bats
  3 frilled lizards
  A jackal skeleton (D:7)
  A quokka skeleton (D:6)
  3 rats
  A fungus (Lair:3)
  A plant (Lair:4)
341 creatures vanquished.

Vanquished Creatures (collateral kills)
  A troll (D:5)
  A hungry ghost (D:7)
  2 orc warriors (D:7)
  An orc wizard (D:7)
  A howler monkey zombie (D:7)
  3 orcs
9 creatures vanquished.

Vanquished Creatures (others)
  A two-headed ogre (Volcano)
  3 centaurs
  A goblin (D:3)
  A kobold (Bailey)
  2 bushes
  3 fungi (Lair:4)
  14 plants
  6 spectral weapons
31 creatures vanquished.

Grand Total: 381 creatures vanquished

Notes
Turn   | Place    | Note
-------+----------+-------------------------------------------
     0 | D:1      | MisterOstroum the Gnoll Chaos Knight began the quest for
                  | the Orb.
     0 | D:1      | Reached XP level 1. HP: 23/23 MP: 1/1
    69 | D:1      | XOM: harmless Conj miscast
   151 | D:1      | XOM is BORED!
   151 | D:1      | XOM: silly message
   237 | D:1      | Reached XP level 2. HP: 29/29 MP: 2/2
   256 | D:1      | XOM: divination: detect items
   478 | D:1      | XOM: harmless Summ miscast
   750 | D:2      | Reached XP level 3. HP: 35/35 MP: 3/3
   859 | D:2      | Reached skill level 1 in Invocations
  1064 | D:1      | XOM: god gift: 7 rations
  1217 | D:2      | XOM: medium Pois miscast
  1250 | D:2      | Reached skill level 1 in Short Blades
  1250 | D:2      | Reached skill level 1 in Long Blades
  1250 | D:2      | Reached skill level 1 in Maces & Flails
  1250 | D:2      | Reached skill level 1 in Polearms
  1250 | D:2      | Reached skill level 1 in Staves
  1250 | D:2      | Reached skill level 1 in Slings
  1250 | D:2      | Reached skill level 1 in Bows
  1250 | D:2      | Reached skill level 1 in Crossbows
  1250 | D:2      | Reached skill level 1 in Throwing
  1250 | D:2      | Reached skill level 1 in Stealth
  1250 | D:2      | Reached skill level 1 in Shields
  1250 | D:2      | Reached skill level 1 in Unarmed Combat
  1250 | D:2      | Reached skill level 1 in Spellcasting
  1250 | D:2      | Reached skill level 1 in Evocations
  1300 | D:2      | XOM: silly message
  1302 | D:2      | Reached XP level 4. HP: 41/41 MP: 5/5
  1422 | D:2      | XOM: divination: detect creatures
  1707 | D:3      | Found an iron altar of Okawaru.
  1907 | D:3      | Reached skill level 1 in Conjurations
  1907 | D:3      | Reached skill level 1 in Hexes
  1907 | D:3      | Reached skill level 1 in Charms
  1907 | D:3      | Reached skill level 1 in Summonings
  1907 | D:3      | Reached skill level 1 in Necromancy
  1907 | D:3      | Reached skill level 1 in Translocations
  1907 | D:3      | Reached skill level 1 in Transmutations
  1907 | D:3      | Reached skill level 1 in Fire Magic
  1907 | D:3      | Reached skill level 1 in Ice Magic
  1907 | D:3      | Reached skill level 1 in Air Magic
  1907 | D:3      | Reached skill level 1 in Earth Magic
  1907 | D:3      | Reached skill level 1 in Poison Magic
  2007 | D:3      | Noticed Grinder
  2078 | D:3      | XOM is BORED!
  2078 | D:3      | XOM: severe Chrm miscast
  2163 | D:3      | XOM: chaos cloud
  2166 | D:3      | Paralysed by you for 4 turns
  2324 | D:3      | Noticed Ijyb
  2339 | D:3      | Reached XP level 5. HP: 26/47 MP: 6/6
  2422 | D:3      | Killed Ijyb
  2556 | D:3      | XOM: enchant monster (bad)
  2559 | D:3      | XOM: divination: detect creatures
  2559 | D:3      | Paralysed by Grinder for 2 turns
  2577 | D:3      | XOM: summons friendly white imp
  2595 | D:3      | Killed Grinder
  2595 | D:3      | Reached skill level 5 in Armour
  2595 | D:3      | Reached XP level 6. HP: 6/53 MP: 7/9
  2828 | D:3      | XOM: god gift: scale mail {god gift}
  2841 | D:3      | XOM: give mutations
  2841 | D:3      | Gained mutation: Your flesh is cold resistant. (rC+) [Xom's
                  | grace]
  2841 | D:3      | Gained mutation: Your system is resistant to poisons.
                  | (rPois) [Xom's grace]
  2841 | D:3      | Gained mutation: You expend magic power (3 MP) to
                  | strengthen your wands. [Xom's grace]
  2881 | D:4      | Noticed Natasha
  2887 | D:4      | XOM: summons friendly ynoxinul
  2892 | D:4      | Killed Natasha
  3081 | D:4      | XOM: divination: detect creatures
  3102 | D:4      | XOM: harmless Conj miscast
  3252 | D:4      | XOM: harmless Pois miscast
  3292 | D:4      | Reached XP level 7. HP: 58/59 MP: 10/10
  3342 | D:4      | Noticed Natasha
  3352 | D:4      | Killed Natasha
  3490 | D:4      | XOM: mild Necr miscast
  3547 | D:4      | XOM: medium Erth miscast
  3550 | D:5      | Entered Level 5 of the Dungeon
  3550 | D:5      | Found Iptogiem's Weapon Shoppe.
  3716 | D:5      | XOM: harmless Air miscast
  3785 | D:5      | Found a staircase to the Ecumenical Temple.
  3908 | D:5      | Found Luneuj's Antique Weapon Emporium.
  3948 | D:5      | Found Qisaxen's Antique Armour Shop.
  4074 | D:5      | XOM: medium Hex miscast
  4102 | D:5      | Noticed a troll
  4113 | D:5      | XOM: summons friendly shadow imp
  4115 | D:5      | Killed a troll
  4115 | D:5      | Reached XP level 8. HP: 21/67 MP: 10/12
  4345 | D:5      | Got a wavering lapis lazuli ring
  4346 | D:5      | Identified the ring "Kejyc" {Fire Int+4 Slay+2} (You found
                  | it on level 5 of the Dungeon)
  4574 | D:6      | Noticed a two-headed ogre
  4574 | D:6      | XOM: confusion (+ monsters)
  4578 | D:6      | Noticed a redback
  4578 | D:6      | a two-headed ogre changed into a redback
  4578 | D:6      | XOM: polymorph two-headed ogre -> redback
  4587 | D:6      | Killed a redback
  4640 | D:6      | XOM: polymorph something unseen -> acid dragon
  4729 | D:6      | Got an amethyst-studded leather armour
  4772 | D:6      | XOM: scenery: create altars
  4780 | D:6      | XOM: cloud trail
  5078 | D:6      | Learned a level 1 spell: Slow
  5135 | D:6      | Reached XP level 9. HP: 70/72 MP: 11/14
  5177 | D:6      | Got a twisted mace
  5179 | D:6      | Found a runed door.
  5334 | D:6      | XOM: divination: magic mapping
  5454 | D:6      | Learned a level 1 spell: Apportation
  5456 | D:6      | Learned a level 1 spell: Infusion
  5458 | D:6      | Learned a level 1 spell: Sandblast
  5460 | D:6      | Learned a level 1 spell: Summon Butterflies
  5709 | D:6      | Noticed Crazy Yiuf
  5712 | D:6      | Killed Crazy Yiuf
  5726 | D:6      | Identified the +3 leather armour of Poq Wiyru {rC+ Dex+3}
                  | (You found it on level 6 of the Dungeon)
  5749 | D:6      | Got a fine mace
  6399 | D:7      | Noticed a purple ugly thing
  6412 | D:7      | XOM: swap monsters
  6417 | D:7      | Killed a purple ugly thing
  6417 | D:7      | Reached skill level 5 in Dodging
  6505 | D:7      | Noticed a hornet
  6508 | D:7      | XOM: confusion (+ monsters)
  6514 | D:7      | XOM: cast spell 'Death Channel'
  6524 | D:7      | Killed a hornet
  6709 | D:7      | XOM: confuse monster(s)
  6723 | D:7      | Reached skill level 5 in Invocations
  6744 | D:7      | XOM: summons 3 friendly demons
  6760 | D:7      | Reached XP level 10. HP: 79/80 MP: 15/17
  6858 | D:7      | XOM: cloud trail
  6902 | D:7      | XOM: enchant monster (good)
  6911 | D:7      | XOM: harmless Erth miscast
  6923 | D:7      | Reached skill level 5 in Short Blades
  6923 | D:7      | Reached skill level 5 in Long Blades
  6923 | D:7      | Reached skill level 5 in Maces & Flails
  6923 | D:7      | Reached skill level 5 in Polearms
  6923 | D:7      | Reached skill level 5 in Staves
  6923 | D:7      | Reached skill level 5 in Slings
  6923 | D:7      | Reached skill level 5 in Bows
  6923 | D:7      | Reached skill level 5 in Crossbows
  6923 | D:7      | Reached skill level 5 in Throwing
  6923 | D:7      | Reached skill level 5 in Stealth
  6923 | D:7      | Reached skill level 5 in Shields
  6923 | D:7      | Reached skill level 5 in Unarmed Combat
  6923 | D:7      | Reached skill level 5 in Spellcasting
  6923 | D:7      | Reached skill level 5 in Evocations
  7423 | D:7      | XOM: silly message
  7487 | D:7      | XOM: silly message
  7613 | D:7      | XOM: harmless Summ miscast
  7863 | D:7      | XOM: cast spell 'Call Canine Familiar'
  8076 | D:8      | Got a crude whip
  8100 | D:8      | Noticed a two-headed ogre
  8101 | D:8      | Noticed a cyclops
  8101 | D:8      | a two-headed ogre changed into a cyclops
  8111 | D:8      | Noticed a faun
  8111 | D:8      | a cyclops changed into a faun
  8125 | D:8      | XOM: harmless Ice miscast
  8135 | D:8      | Killed a faun
  8453 | D:8      | Reached XP level 11. HP: 82/87 MP: 19/19
  8458 | D:8      | XOM: harmless Conj miscast
  8463 | D:8      | XOM: silly message
  8548 | D:8      | Found a burning altar of Makhleb.
  8550 | D:8      | Found a shimmering blue altar of Sif Muna.
  8788 | D:8      | Noticed a four-headed hydra
  8797 | D:8      | Killed a four-headed hydra
  8797 | D:8      | Reached skill level 5 in Conjurations
  8797 | D:8      | Reached skill level 5 in Hexes
  8797 | D:8      | Reached skill level 5 in Charms
  8797 | D:8      | Reached skill level 5 in Summonings
  8797 | D:8      | Reached skill level 5 in Necromancy
  8797 | D:8      | Reached skill level 5 in Translocations
  8797 | D:8      | Reached skill level 5 in Transmutations
  8797 | D:8      | Reached skill level 5 in Fire Magic
  8797 | D:8      | Reached skill level 5 in Ice Magic
  8797 | D:8      | Reached skill level 5 in Air Magic
  8797 | D:8      | Reached skill level 5 in Earth Magic
  8797 | D:8      | Reached skill level 5 in Poison Magic
  8878 | D:8      | XOM: harmless Chrm miscast
  8937 | D:8      | Found a blossoming altar of Fedhas.
  9213 | D:9      | XOM: divination: detect creatures
  9217 | D:9      | Found a flagged portal.
  9236 | Bailey   | Entered a bailey
  9243 | Bailey   | Noticed an orc knight
  9325 | Bailey   | Identified the +3 ring mail of Ugykhler {MR+}
  9558 | Bailey   | Killed an orc knight
  9599 | Bailey   | Identified the +2 whip of Ducus {slash, +Rage rElec} (You
                  | found it on level 8 of the Dungeon)
 10006 | D:9      | XOM: potion effect (invisibility)
 10121 | D:9      | XOM: silly message
 10138 | D:9      | Noticed an eight-headed hydra
 10151 | D:9      | XOM: divination: detect items
 10156 | D:9      | XOM: divination: magic mapping
 10158 | D:9      | Killed a ten-headed hydra
 10159 | D:9      | XOM: silly message
 10425 | D:9      | Found a staircase to the Lair.
 10466 | Lair:1   | Entered Level 1 of the Lair of Beasts
 10554 | D:9      | XOM: harmless Fire miscast
 10636 | D:9      | Reached XP level 12. HP: 94/96 MP: 22/22
 10646 | D:9      | Learned a level 3 spell: Regeneration
 10650 | D:9      | Learned a level 3 spell: Spectral Weapon
 10661 | D:9      | Learned a level 6 spell: Statue Form
 10874 | D:9      | XOM: silly message
 11088 | D:9      | Fell from the grace of Xom
 13247 | Lair:1   | Noticed a six-headed hydra
 13271 | Lair:1   | Got a pair of polished gloves
 13282 | Lair:1   | Identified the +1 pair of gloves of the Lotus Blossom
                  | {+Blink rC+} (You found it on level 1 of the Lair of
                  | Beasts)
 13522 | Lair:1   | Killed a six-headed hydra
 13622 | Lair:1   | XOM: give mutation
 13622 | Lair:1   | Gained mutation: You are frail. (-10% HP) [Xom's mischief]
 13666 | Lair:1   | Noticed a seven-headed hydra
 13675 | Lair:1   | Killed a seven-headed hydra
 13946 | Lair:1   | XOM: medium Ice miscast
 14448 | Lair:2   | Noticed Fannar
 14484 | Lair:2   | Killed Fannar
 14519 | Lair:2   | Found a staircase to the Snake Pit.
 14626 | Lair:2   | XOM: medium Air miscast
 15406 | Lair:3   | Found a staircase to the Shoals.
 15475 | Lair:3   | Noticed an alligator
 15487 | Lair:3   | Killed an alligator
 15487 | Lair:3   | Reached skill level 10 in Fighting
 15487 | Lair:3   | Reached skill level 10 in Axes
 15764 | Lair:3   | Found a shimmering blue altar of Sif Muna.
 15764 | Lair:3   | XOM: 9-stop teleportation journey
 16025 | Lair:3   | Noticed a five-headed hydra
 16034 | Lair:3   | Killed a five-headed hydra
 16232 | Lair:3   | Reached XP level 13. HP: 89/92 MP: 24/24
 16754 | Lair:4   | Noticed Nessos
 16803 | Lair:3   | XOM: severe Fire miscast
 16968 | Lair:4   | Found a dark tunnel.
 16988 | Volcano  | Entered a volcano
 17029 | Volcano  | XOM: noise
 17095 | Volcano  | XOM: mild Conj miscast
 17725 | Lair:4   | XOM: chaos cloud
 18175 | Lair:4   | Noticed Nessos
 18175 | Lair:4   | Nessos changed into Nessos the fire crab
 18185 | Lair:4   | Killed Nessos the fire crab
 18381 | Lair:4   | XOM: draining
 18445 | Lair:4   | XOM: medium Pois miscast
 18695 | Lair:5   | Noticed Kirke
 18710 | Lair:5   | Noticed a sphinx
 18716 | Lair:5   | XOM: chaos cloud
 18723 | Lair:5   | Noticed Kirke
 18723 | Lair:5   | Kirke changed into Kirke the stone giant
 18727 | Lair:5   | Annihilated by Kirke the stone giant

Skill      XL: |  1  2  3  4  5  6  7  8  9 10 11 12 13 |
---------------+----------------------------------------+-----
Invocations    | 1 2 3 4 5 6 7 8 9 |  9.1
Short Blades   | 1 2 3 4 5 6 7 8 |  8.3
Long Blades    | 1 2 3 4 5 6 7 8 |  8.3
Maces & Flails | 1 2 3 4 5 6 7 8 |  8.3
Polearms       | 1 2 3 4 5 6 7 8 |  8.3
Staves         | 1 2 3 4 5 6 7 8 |  8.3
Slings         | 1 2 3 4 5 6 7 8 |  8.3
Bows           | 1 2 3 4 5 6 7 8 |  8.3
Crossbows      | 1 2 3 4 5 6 7 8 |  8.3
Throwing       | 1 2 3 4 5 6 7 8 |  8.3
Stealth        | 1 2 3 4 5 6 7 8 |  8.3
Shields        | 1 2 3 4 5 6 7 8 |  8.3
Unarmed Combat | 1 2 3 4 5 6 7 8 |  8.3
Spellcasting   | 1 2 3 4 5 6 7 8 |  8.3
Evocations     | 1 2 3 4 5 6 7 8 |  8.3
Conjurations   | 1 2 3 4 5 6 |  6.9
Hexes          | 1 2 3 4 5 6 |  6.9
Charms         | 1 2 3 4 5 6 |  6.9
Summonings     | 1 2 3 4 5 6 |  6.9
Necromancy     | 1 2 3 4 5 6 |  6.9
Translocations | 1 2 3 4 5 6 |  6.9
Transmutations | 1 2 3 4 5 6 |  6.9
Fire Magic     | 1 2 3 4 5 6 |  6.9
Ice Magic      | 1 2 3 4 5 6 |  6.9
Air Magic      | 1 2 3 4 5 6 |  6.9
Earth Magic    | 1 2 3 4 5 6 |  6.9
Poison Magic   | 1 2 3 4 5 6 |  6.9
Armour         | 5 6 7 8 9 |  9.5
Dodging        | 3 4 5 6 7 8 |  8.8
Fighting       | 7 8 9 10 | 10.5
Axes           | 7 8 9 10 | 10.5

Action                   |  1- 3 |  4- 6 |  7- 9 | 10-12 | 13-15 || total
-------------------------+-------+-------+-------+-------+-------++-------
Melee: Hand axe          |    73 |   116 |   169 |   605 |   100 ||  1063
       Bite              |     9 |    15 |    24 |    83 |    25 ||   156
       Punch             |     1 |       |       |       |       ||     1
       Dagger            |       |     3 |       |       |       ||     3
       Unarmed           |       |     3 |       |       |       ||     3
       Lajatang          |       |       |       |       |    80 ||    80
 Fire: Hunting sling     |       |    27 |    67 |   441 |    12 ||   547
Throw: Stone             |       |       |       |     2 |     1 ||     3
 Cast: Slow              |       |       |     3 |     9 |     1 ||    13
       Spectral Weapon   |       |       |       |     9 |    16 ||    25
       Regeneration      |       |       |       |     1 |     6 ||     7
       Sandblast         |       |       |       |     1 |       ||     1
Invok: Renounce Religion |       |       |       |     1 |       ||     1
Evoke: Wand              |       |     4 |     5 |    15 |     3 ||    27
  Use: Scroll            |       |     7 |     9 |     6 |     2 ||    24
       Potion            |       |       |       |     4 |     4 ||     8
 Stab: Sleeping          |     1 |     2 |       |     3 |     2 ||     8
       Paralysed         |     1 |     1 |    15 |    14 |     5 ||    36
       Petrifying        |       |       |     1 |     2 |     2 ||     5
       Petrified         |       |       |       |    11 |     1 ||    12
       Invisible         |       |       |       |     5 |       ||     5
       Distracted        |       |       |       |     4 |     2 ||     6
       Confused          |       |       |       |       |     2 ||     2
  Eat: Chunk             |     1 |     6 |     8 |    23 |     5 ||    43
       Ration            |       |       |     1 |     4 |     1 ||     6
Armor: Leather armour    |    25 |    27 |     8 |    67 |       ||   127
       Scale mail        |       |    11 |    46 |       |       ||    57
       Ring mail         |       |       |       |    76 |   111 ||   187
Dodge: Dodged            |    34 |    56 |    61 |   317 |   163 ||   631
Block: Other             |     7 |     1 |       |       |    12 ||    20
       Buckler           |       |    33 |    61 |   303 |    63 ||   460
       Reflection        |       |     3 |     6 |    23 |       ||    32
